 Dungeon Crawl Stone Soup version 0.20-a0-466-gc52d0eb (webtiles) character file.

74 Banto the Poker (level 4, -3/33 HPs)
             Began as a Human Skald on Jan 13, 2017.
             Splashed by a jelly's acid (4 damage)
             ... on level 3 of the Dungeon.
             The game lasted 00:01:28 (1452 turns).

Banto the Poker (Human Skald)                       Turns: 1452, Time: 00:01:29

Health: -3/33      AC: -4    Str: 11    XL:     4   Next: 52%
Magic:  7/7        EV: 12    Int: 13    God:
Gold:   128        SH:  0    Dex: 14    Spells: 1/7 levels left

rFire  . . .     SeeInvis .     a - +0 spear
rCold  . . .     Gourm    .     b - +0 leather armour
rNeg   . . .     Faith    .     (no shield)
rPois  .         Spirit   .     (no helmet)
rElec  .         Reflect  .     (no cloak)
rCorr  .         Harm     .     (no gloves)
MR     .....                    (no boots)
Stlth  +.........               (no amulet)
                                (no ring)
                                (no ring)

@: corroded
A: no striking features
a: no special abilities


You were on level 3 of the Dungeon.
You were near starving.

You visited 1 branch of the dungeon, and saw 3 of its levels.

You collected 128 gold pieces.

Inventory:

Hand Weapons
 a - a +0 spear (weapon)
Armour
 b - a +0 leather armour (worn)
Scrolls
 e - a scroll of remove curse
Potions
 f - 4 potions of curing
 h - a potion of ambrosia
 k - a potion of magic
Books
 c - a book of Battle

   Spells                             Type                      Level
   a - Infusion                       Charms                       1
   b - Shroud of Golubria             Charms/Translocation         2
   c - Song of Slaying                Charms                       2
   d - Spectral Weapon                Hexes/Charms                 3
   e - Regeneration                   Charms/Necromancy            3
Comestibles
 d - 3 bread rations
 i - a beef jerky


   Skills:
 - Level 2.0 Fighting
 + Level 4.4 Polearms
 - Level 1.0 Armour
 - Level 2.0 Dodging
 - Level 2.0 Spellcasting
 - Level 3.0 Charms


You had one spell level left.
You knew the following spells:

 Your Spells              Type           Power        Failure   Level  Hunger
a - Infusion              Chrm           #...         12%         1    ##.....
b - Song of Slaying       Chrm           #.......     14%         2    ###....
c - Spectral Weapon       Hex/Chrm       #.......     56%         3    ####...


Dungeon Overview and Level Annotations

Branches:
Dungeon (3/15)

Altars:
Cheibriados
Uskayaw


Message History

You hit the jelly. The acid corrodes you!
Your hands burn!
The jelly is almost dead.
The jelly hits you.
You are splashed with acid!
The acid burns!
* * * LOW HITPOINT WARNING * * *
You take 12 damage, and have 6/33 hp.
MASSIVE DAMAGE!!
You are too injured to fight recklessly!
Attack whom?
Press: ? - help, Dir - move target cursor, f/p - jelly
Aim: a jelly (almost dead)
You hit the jelly but do no damage.
Your hands burn!
* * * LOW HITPOINT WARNING * * *
The jelly is almost dead.
The jelly misses you.
You take 5 damage, and have 1/33 hp.
MP restored: 7 Attack whom?
Press: ? - help, Dir - move target cursor, f/p - jelly
Aim: a jelly (almost dead)
You hit the jelly. The acid corrodes you!
Your hands burn!
You die...

..#.# #.#.# #.#.## .
#.#.. .. ######.#.###
.#
#########......#†..#..#
...........#.....#....#
...........#........#
.......J@..#.....##.#.#
................<.....#
...........########.###
...........# #
....####+### ###. #


You could see a jelly.

Vanquished Creatures
  Jessica (D:2)
  An adder (D:2)
  A dart slug (D:1)
  2 leopard geckos
  4 hobgoblins (D:1)
  6 jackals
  2 kobolds
  A quokka (D:2)
  4 bats (D:1)
  3 frilled lizards
  4 goblins
  6 rats
35 creatures vanquished.

Notes
Turn   | Place    | Note
-------+----------+-------------------------------------------
     0 | D:1      | Banto the Human Skald began the quest for the Orb.
     0 | D:1      | Reached XP level 1. HP: 16/16 MP: 3/3
   130 | D:1      | Reached XP level 2. HP: 17/22 MP: 0/5
   218 | D:1      | Reached skill level 3 in Polearms
   336 | D:1      | Reached XP level 3. HP: 27/27 MP: 0/6
  1005 | D:2      | Found a hide-covered altar of Uskayaw.
  1077 | D:2      | Found a snail-covered altar of Cheibriados.
  1116 | D:2      | Noticed Jessica
  1121 | D:2      | Learned a level 2 spell: Song of Slaying
  1125 | D:2      | Learned a level 3 spell: Spectral Weapon
  1188 | D:2      | Killed Jessica
  1188 | D:2      | Reached skill level 4 in Polearms
  1188 | D:2      | Reached XP level 4. HP: 33/33 MP: 0/7
  1451 | D:3      | HP: 1/33 [acid (5)]
  1452 | D:3      | Splashed by a jelly's acid

Vault maps used:
D:1:      minmay_arrival_shattered_statue, minmay_stone_trees_small
D:2:      nicolae_overflow_crystal_walls, minmay_hexomino_r4, uniq_jessica

Skill      XL: |  1  2  3 |
---------------+----------+-----
Polearms       | 3 4 |  4.4
Fighting       | |  2.0
Armour         | |  1.0
Dodging        | |  2.0
Spellcasting   | |  2.0
Charms         | |  3.0

Action                   |  1- 3 |  4- 6 || total
-------------------------+-------+-------++-------
Melee: Spear             |   122 |    22 ||   144
 Cast: Infusion          |     6 |       ||     6
       Spectral Weapon   |     1 |     1 ||     2
  Use: Scroll            |       |     5 ||     5
 Stab: Sleeping          |     1 |       ||     1
  Eat: Chunk             |     1 |       ||     1
Armor: Leather armour    |    27 |     1 ||    28
Dodge: Dodged            |    76 |     7 ||    83

Table legend:
 A = Turns spent in this place as a percentage of turns spent in the entire game.
 B = Non-inter-level travel turns spent in this place as a percentage of non-inter-level travel turns spent in the entire game.
 C = Inter-level travel turns spent in this place as a percentage of turns spent in this place.
 D = Turns resting spent in this place as a percentage of non-inter-level travel turns spent in this place.
 E = Turns spent auto-exploring this place as a percentage of non-inter-level travel turns spent in this place.
 F = Non-inter-level travel turns spent in this place divided by the number of levels of this place that you've seen.
                   A       B       C       D       E      F
               +-------+-------+-------+-------+-------+----------------------
         Total | 100.0 | 100.0 |   0.7 |   1.8 |  11.7 | 147.7
       Dungeon | 100.0 | 100.0 |   0.7 |   1.8 |  11.7 | 147.7
               +-------+-------+-------+-------+-------+----------------------

Table legend:
 A = Kills in this place as a percentage of kills in entire the game.
 B = Kills by you in this place as a percentage of kills by you in the entire game.
 C = Kills by friends in this place as a percentage of kills by friends in the entire game.
 D = Other kills in this place as a percentage of other kills in the entire game.
 E = Experience gained in this place as a percentage of experience gained in the entire game.
 F = Experience gained in this place divided by the number of levels of this place that you have seen.
                   A       B       C       D       E      F
               +-------+-------+-------+-------+-------+----------------------
         Total | 100.0 | 100.0 |  -nan |  -nan | 100.0 |  35.3
       Dungeon | 100.0 | 100.0 |  -nan |  -nan | 100.0 |  35.3
               +-------+-------+-------+-------+-------+----------------------
